 Dungeon Crawl Stone Soup version 0.26-a0-962-g9b92081034 (webtiles) character file.

Game seed: 2954068613598204085

13650 Gargoyl the Fighter (level 12, -12/96 HPs)
             Began as a Gnoll Abyssal Knight on Dec 2, 2020.
             Was a High Priest of Lugonu.
             Mangled by a minotaur (22 damage)
             ... on level 10 of the Dungeon.
             The game lasted 00:19:54 (14654 turns).

Gargoyl the Fighter (Gnoll Abyssal Knight)         Turns: 14654, Time: 00:19:55

Health: -12/96     AC: 21    Str: 20    XL:     12   Next: 8%
Magic:  18/22      EV: 10    Int: 14    God:    Lugonu [*****.]
Gold:   1212       SH:  6    Dex: 15    Spells: 24/24 levels left

rFire    . . .     SeeInvis .   I - +8 long sword of Ygi Fame {flame, rC++}
rCold    + + .     Faith    .   x - +0 buckler
rNeg     . . .     Spirit   .   w - +0 plate armour
rPois    .         Reflect  .   e - +0 helmet
rElec    .         Harm     .   d - +2 cloak
rCorr    .         Rampage  .   (no gloves)
MR       .....                  f - +2 pair of boots
Stlth    ..........             J - amulet of regeneration
HPRegen  0.66/turn              (no ring)
MPRegen  0.18/turn              (no ring)

@: no status effects
A: distributed training, fangs 1, strong nose
a: Depart the Abyss, Bend Space, Banish, Corrupt, Enter the Abyss, Renounce
Religion


You were on level 10 of the Dungeon.
You worshipped Lugonu.
Lugonu was extremely pleased with you.
You visited 1 branch of the dungeon, and saw 11 of its levels.
You visited the Abyss 1 time.
You also visited: Sewer.

You collected 1329 gold pieces.
You spent 117 gold pieces at shops.

Inventory:

Hand Weapons
 y - a +4 vorpal war axe
 C - a +2 vorpal hand axe
 I - the +8 long sword of Ygi Fame (weapon) {flame, rC++}
   (You found it on level 10 of the Dungeon)

   It has been specially enchanted to burn those struck by it, causing extra
   injury to most foes and up to half again as much damage against particularly
   susceptible opponents.
   Big, fiery blades are also staple armaments of hydra-hunters.
   It greatly protects you from cold.
Missiles
 j - 88 poisoned darts (quivered)
Armour
 d - a +2 cloak (worn)
 e - a +0 helmet (worn)
 f - a +2 pair of boots (worn)
 o - a +0 cloak of preservation
 w - a +0 plate armour (worn)
 x - a +0 buckler (worn)
Jewellery
 J - an amulet of regeneration (around neck)
Wands
 a - a wand of digging (6)
 t - a wand of polymorph (17)
 E - a wand of enslavement (9)
 F - a wand of iceblast (10)
 G - a wand of acid (14)
Scrolls
 k - 9 scrolls of remove curse
 m - 2 scrolls of blinking
 q - 4 scrolls of teleportation
 s - 2 scrolls of identify
 u - 3 scrolls of magic mapping
 v - 2 scrolls of fear
Potions
 b - a potion of invisibility
 c - 3 potions of curing
 g - a potion of ambrosia
 h - 2 potions of resistance {unknown}
 i - 3 potions of flight {unknown}
 l - 3 potions of haste {unknown}
 n - 3 potions of attraction {unknown}
 p - a potion of magic {unknown}
 r - 5 potions of heal wounds
 A - 6 potions of brilliance {unknown}
 B - a potion of berserk rage {unknown}
 D - a potion of might


   Skills:
 + Level 9.6 Fighting
 + Level 6.9 Short Blades
 + Level 6.9 Long Blades
 + Level 8.4 Axes
 + Level 6.9 Maces & Flails
 + Level 6.9 Polearms
 + Level 6.9 Staves
 + Level 6.9 Slings
 + Level 6.9 Bows
 + Level 6.9 Crossbows
 + Level 6.9 Throwing
 + Level 8.4 Armour
 + Level 7.4 Dodging
 + Level 6.9 Stealth
 + Level 6.9 Shields
 + Level 6.9 Unarmed Combat
 + Level 6.9 Spellcasting
 + Level 5.7 Conjurations
 + Level 5.7 Hexes
 + Level 5.7 Summonings
 + Level 5.7 Necromancy
 + Level 5.7 Translocations
 + Level 5.7 Transmutations
 + Level 5.7 Fire Magic
 + Level 5.7 Ice Magic
 + Level 5.7 Air Magic
 + Level 5.7 Earth Magic
 + Level 5.7 Poison Magic
 + Level 9.0 Invocations
 + Level 6.9 Evocations


You had 24 spell levels left.
You didn't know any spells.
Your spell library contained the following spells:

 Spells                   Type           Power        Failure   Level
 Apportation              Tloc           ###...       26%         1
 Magic Dart               Conj           ###.         26%         1
 Blink                    Tloc           N/A          38%         2
 Call Imp                 Summ           ###.....     38%         2
 Slow                     Hex            ###.....     38%         2
 Conjure Flame            Conj/Fire      ###.....     63%         3
 Lesser Beckoning         Tloc           ###.......   63%         3
 Mephitic Cloud           Conj/Pois/Air  ###.....     63%         3
 Tukima's Dance           Hex            ###.....     63%         3
 Alistair's Intoxication  Tmut/Pois      ###......    100%        5
 Invisibility             Hex            ###.....     100%        6


Dungeon Overview and Level Annotations

Branches:
Dungeon (11/15)            Temple (0/1) D:7            Lair (0/6) D:8
    Orc (0/2) D:9           Sewer (visited)

Altars:
Cheibriados
Elyvilon
Fedhas
Makhleb
Okawaru
Qazlal
Sif Muna
Trog
Xom

Shops:
D:5 (

Annotations:
D:4 3 runed translucent doors, Zing's ghost, amateur GrFi
D:11 RamboRex's ghost, journeyman MiBe


Innate Abilities, Weirdness & Mutations

Your experience applies equally to all skills.
You have very sharp teeth.
Your uncanny sense of smell can sniff out nearby items.


Message History

The minotaur hits you!! The minotaur gores you.
You hit the minotaur. You burn the minotaur.
The minotaur is moderately wounded.
The minotaur misses you.
The minotaur gores you but does no damage.
The minotaur hits you!! The minotaur barely misses you.
You hit the minotaur but do no damage.
You bite the minotaur, but do no damage.
The minotaur is moderately wounded.
You block the minotaur's attack. x2
You hit the minotaur but do no damage.
The minotaur is moderately wounded.
The minotaur hits you!!
* * * LOW HITPOINT WARNING * * *
The minotaur gores you but does no damage.
Press: ? - help, Shift-Dir - straight line, f - minotaur
Aim: a minotaur, wearing a +0 plate armour and wearing a +4 ring of protection (moderately wounded, chance to defeat MR: 23%)
The minotaur resists with almost no effort.
The minotaur hits you!!
You die...

#.#............# #.#
#####<....#........# #.#
#.......#.+........# #.#
#.......###........######.#
#.........[...............#
###########################
#.......#
#.#####H################
#.# ##@....(........... #.#
#.................. #.#
#..###....#########
#.####....+....'........
#...##.####....#######..
#########.#....##....# #..
#.....# #.#..#.##....# #..
#.###.# #.#..#.##....# #..
#.# #.# #.#..#.####### #..


You could see a minotaur.

Vanquished Creatures
  A yaktaur captain (D:9)
  Harold (D:8)
  A boulder beetle (D:11)
  A two-headed ogre (D:10)
  A centaur warrior (D:9)
  An unseen horror (D:11)
  5 cyclopes
  2 trolls
  Prince Ribbit (D:8)
  Grinder (D:5)
  4 yaks (D:11)
  A wraith (D:10)
  2 water moccasins
  7 orc warriors
  2 sky beasts (D:6)
  A necrophage (D:10)
  An ice beast (D:11)
  3 phantoms
  A black bear (D:7)
  7 ogres
  4 wolves (D:8)
  5 centaurs
  4 big kobolds
  7 bullfrogs
  4 scorpions
  5 killer bees (D:11)
  9 wights
  6 howler monkeys
  6 electric eels
  2 bullfrog zombies
  8 hounds
  2 centaur skeletons
  2 orc priests
  2 jellies
  Crazy Yiuf (D:2)
  5 iguanas
  Natasha (thrice) (D:3)
  6 orc wizards
  10 worker ants
  A hound zombie (D:9)
  A mummy (D:7)
  A howler monkey zombie (D:10)
  2 worker ant zombies
  Robin (D:2)
  A howler monkey skeleton (D:7)
  4 gnolls (D:8)
  9 adders
  3 shadow imps
  A white imp (D:10)
  3 oozes
  An ufetubus (D:8)
  An adder skeleton (D:8)
  8 worms
  2 dart slugs
  9 leopard geckos
  28 orcs
  6 bats
  9 giant cockroaches
  19 goblins
  10 hobgoblins
  12 jackals
  26 kobolds
  2 quokkas
  5 ball pythons
  8 frilled lizards
  2 quokka skeletons
  14 rats
324 creatures vanquished.

Vanquished Creatures (others)
  A fungus (D:2)
  4 plants (Sewer)
5 creatures vanquished.

Grand Total: 329 creatures vanquished

Notes
Turn   | Place    | Note
-------+----------+-------------------------------------------
     0 | Abyss:1  | Gargoyl the Gnoll Abyssal Knight began the quest for the
                  | Orb.
     0 | Abyss:1  | Reached XP level 1. HP: 23/23 MP: 3/3
   110 | Abyss:1  | Noticed a sixfirhy
   115 | D:1      | Escaped the Abyss
   332 | D:1      | Reached XP level 2. HP: 29/29 MP: 5/5
   524 | D:1      | Reached * piety under Lugonu
   771 | D:1      | Reached XP level 3. HP: 35/35 MP: 6/6
  1560 | D:2      | Noticed Robin
  1571 | D:2      | Reached skill level 1 in Short Blades
  1571 | D:2      | Reached skill level 1 in Long Blades
  1571 | D:2      | Reached skill level 1 in Maces & Flails
  1571 | D:2      | Reached skill level 1 in Polearms
  1571 | D:2      | Reached skill level 1 in Staves
  1571 | D:2      | Reached skill level 1 in Slings
  1571 | D:2      | Reached skill level 1 in Bows
  1571 | D:2      | Reached skill level 1 in Crossbows
  1571 | D:2      | Reached skill level 1 in Throwing
  1571 | D:2      | Reached skill level 1 in Stealth
  1571 | D:2      | Reached skill level 1 in Shields
  1571 | D:2      | Reached skill level 1 in Unarmed Combat
  1571 | D:2      | Reached skill level 1 in Spellcasting
  1571 | D:2      | Reached skill level 1 in Evocations
  1576 | D:2      | Killed Robin
  1577 | D:2      | Reached XP level 4. HP: 28/41 MP: 7/7
  2156 | D:2      | Found a stormy altar of Qazlal.
  2291 | D:2      | Found a runed translucent door.
  2292 | D:2      | Noticed Crazy Yiuf
  2300 | D:2      | Killed Crazy Yiuf
  2301 | D:2      | Reached skill level 1 in Conjurations
  2301 | D:2      | Reached skill level 1 in Hexes
  2301 | D:2      | Reached skill level 1 in Summonings
  2301 | D:2      | Reached skill level 1 in Necromancy
  2301 | D:2      | Reached skill level 1 in Translocations
  2301 | D:2      | Reached skill level 1 in Transmutations
  2301 | D:2      | Reached skill level 1 in Fire Magic
  2301 | D:2      | Reached skill level 1 in Ice Magic
  2301 | D:2      | Reached skill level 1 in Air Magic
  2301 | D:2      | Reached skill level 1 in Earth Magic
  2301 | D:2      | Reached skill level 1 in Poison Magic
  2447 | D:3      | Reached ** piety under Lugonu
  2808 | D:3      | Reached XP level 5. HP: 44/47 MP: 8/8
  3100 | D:3      | Noticed Natasha
  3113 | D:3      | Killed Natasha
  3540 | D:3      | Noticed Natasha
  3655 | D:3      | Killed Natasha
  3656 | D:3      | Reached skill level 5 in Invocations
  3656 | D:3      | Reached XP level 6. HP: 49/53 MP: 9/9
  3810 | D:3      | Found a faded altar of an unknown god.
  4147 | D:3      | Noticed Natasha
  4160 | D:3      | Killed Natasha
  4681 | D:4      | Noticed a phantom
  4727 | D:4      | Killed a phantom
  4728 | D:4      | Reached skill level 5 in Axes
  4728 | D:4      | Reached skill level 5 in Armour
  4993 | D:4      | Reached *** piety under Lugonu
  4994 | D:4      | Reached XP level 7. HP: 51/59 MP: 10/10
  5134 | D:4      | Found a runed translucent gate.
  5134 | D:4      | Found a runed translucent gate.
  5135 | D:4      | Found a runed translucent gate.
  5136 | D:4      | Noticed Zing's ghost (amateur GrFi)
  5260 | D:4      | Found a blossoming altar of Fedhas.
  5492 | D:5      | Entered Level 5 of the Dungeon
  6241 | D:5      | Found Gozih's Antique Weapon Shop.
  6244 | D:5      | Bought a runed war axe for 117 gold pieces
  6258 | D:5      | Noticed Grinder
  6280 | D:5      | Paralysed by Grinder for 6 turns
  6291 | D:5      | Killed Grinder
  6508 | D:5      | Found a burning altar of Makhleb.
  6539 | D:5      | Reached XP level 8. HP: 67/67 MP: 12/12
  7603 | D:6      | Found a glowing drain.
  7617 | Sewer    | Entered a sewer
  7862 | Sewer    | Reached XP level 9. HP: 72/73 MP: 14/14
  7887 | D:6      | Reached **** piety under Lugonu
  8230 | D:7      | Found a snail-covered altar of Cheibriados.
  8319 | D:7      | Reached skill level 5 in Dodging
  8754 | D:7      | Found a shimmering altar of Xom.
  8755 | D:7      | Found a shimmering altar of Xom.
  8756 | D:7      | Found a shimmering altar of Xom.
  8756 | D:7      | Found a shimmering altar of Xom.
  8757 | D:7      | Found a shimmering altar of Xom.
  8757 | D:7      | Found a shimmering altar of Xom.
  8962 | D:7      | Found a staircase to the Ecumenical Temple.
  9436 | D:8      | Identified a scroll of acquirement
  9436 | D:8      | Acquired 625 gold pieces
  9626 | D:8      | Reached ***** piety under Lugonu
  9697 | D:8      | Found a staircase to the Lair.
  9698 | D:8      | Noticed Harold
  9706 | D:8      | Noticed a troll
  9751 | D:8      | Reached XP level 10. HP: 72/80 MP: 14/17
 10015 | D:8      | Reached skill level 5 in Short Blades
 10015 | D:8      | Reached skill level 5 in Long Blades
 10015 | D:8      | Reached skill level 5 in Maces & Flails
 10015 | D:8      | Reached skill level 5 in Polearms
 10015 | D:8      | Reached skill level 5 in Staves
 10015 | D:8      | Reached skill level 5 in Slings
 10015 | D:8      | Reached skill level 5 in Bows
 10015 | D:8      | Reached skill level 5 in Crossbows
 10015 | D:8      | Reached skill level 5 in Throwing
 10015 | D:8      | Reached skill level 5 in Stealth
 10015 | D:8      | Reached skill level 5 in Shields
 10015 | D:8      | Reached skill level 5 in Unarmed Combat
 10015 | D:8      | Reached skill level 5 in Spellcasting
 10015 | D:8      | Reached skill level 5 in Evocations
 10104 | D:8      | Killed Harold
 10414 | D:8      | Found a white marble altar of Elyvilon.
 10553 | D:8      | Noticed Prince Ribbit
 10559 | D:8      | Killed Prince Ribbit
 10969 | D:9      | Found a staircase to the Orcish Mines.
 11165 | D:9      | Noticed a moth of wrath
 11168 | D:9      | Found a bloodstained altar of Trog.
 11380 | D:9      | Noticed a centaur warrior
 11380 | D:9      | Noticed a yaktaur captain
 11391 | D:9      | Killed a yaktaur captain
 11407 | D:9      | Killed a centaur warrior
 11408 | D:9      | Reached XP level 11. HP: 20/87 MP: 7/19
 11959 | D:9      | Found a shimmering blue altar of Sif Muna.
 12047 | D:10     | Entered Level 10 of the Dungeon
 12094 | D:10     | Reached skill level 5 in Conjurations
 12094 | D:10     | Reached skill level 5 in Hexes
 12094 | D:10     | Reached skill level 5 in Summonings
 12094 | D:10     | Reached skill level 5 in Necromancy
 12094 | D:10     | Reached skill level 5 in Translocations
 12094 | D:10     | Reached skill level 5 in Transmutations
 12094 | D:10     | Reached skill level 5 in Fire Magic
 12094 | D:10     | Reached skill level 5 in Ice Magic
 12094 | D:10     | Reached skill level 5 in Air Magic
 12094 | D:10     | Reached skill level 5 in Earth Magic
 12094 | D:10     | Reached skill level 5 in Poison Magic
 12124 | D:10     | Noticed a cyclops
 12147 | D:10     | Killed a cyclops
 12156 | D:10     | Noticed a two-headed ogre
 12745 | D:10     | Got a bloodstained long sword
 12746 | D:10     | Identified the +8 long sword of Ygi Fame {flame, rC++} (You
                  | found it on level 10 of the Dungeon)
 12928 | D:10     | Killed a two-headed ogre
 13272 | D:11     | Noticed RamboRex's ghost (journeyman MiBe)
 13540 | D:11     | Noticed a cyclops
 13558 | D:11     | Killed a cyclops
 13586 | D:11     | Noticed a boulder beetle
 13604 | D:11     | Killed a boulder beetle
 13706 | D:11     | Noticed a cyclops
 13718 | D:11     | Killed a cyclops
 13743 | D:11     | Found an iron altar of Okawaru.
 13750 | D:11     | Killed an unseen horror
 13789 | D:11     | Noticed a cyclops
 13799 | D:11     | Killed a cyclops
 13800 | D:11     | Reached XP level 12. HP: 94/96 MP: 22/22
 14314 | D:11     | Found a runed translucent gate.
 14314 | D:11     | Found a runed translucent gate.
 14314 | D:11     | Found a runed translucent gate.
 14319 | D:11     | Noticed a minotaur
 14654 | D:10     | Mangled by a minotaur

Illustrated notes

Levels and vault maps discovered:
D:1:      wheals_arrival_linesprint, layout_basic
D:2:      layout_basic, serial_glass, glass_columns_c, glass_columns_a,
          nicolae_qazlal_eye_of_the_storm, uniq_crazy_yiuf_cottage, uniq_robin
D:3:      layout_loops_corners, chequers_ecumenical_altar_twisty, st_stairs_1,
          minivault_11, minmay_increasing_density, uniq_natasha
D:4:      layout_loops_corners, kennysheep_little_box,
          ebering_ghost_rock_garden, chequers_serial_rivers_small_3
D:5:      layout_loops_corners, kennysheep_mini, serial_shops,
          nicolae_shop_behind_doors, uniq_grinder
D:6:      layout_basic, portal_sewer_entry_f
D:7:      layout_loops_ring, slow_altar_1, temple_hall, xom_redecorated
D:8:      layout_basic, general_overflow_altar, erik_lair_island, uniq_harold,
          uniq_prince_ribbit1
D:9:      minmay_shrinking_squares, layout_basic, tgw_sif, tgw_trog, orc_0_dummy
D:10:     layout_basic
D:11:     layout_basic, enter_trove_0, maelrawn_ghost_gauntlet_escape,
          okawaru_ov_weapons_minmay, uniq_nergalle

Skill      XL: |  1  2  3  4  5  6  7  8  9 10 11 12 |
---------------+-------------------------------------+-----
Short Blades   | 1 2 3 4 5 6 |  6.9
Long Blades    | 1 2 3 4 5 6 |  6.9
Maces & Flails | 1 2 3 4 5 6 |  6.9
Polearms       | 1 2 3 4 5 6 |  6.9
Staves         | 1 2 3 4 5 6 |  6.9
Slings         | 1 2 3 4 5 6 |  6.9
Bows           | 1 2 3 4 5 6 |  6.9
Crossbows      | 1 2 3 4 5 6 |  6.9
Throwing       | 1 2 3 4 5 6 |  6.9
Stealth        | 1 2 3 4 5 6 |  6.9
Shields        | 1 2 3 4 5 6 |  6.9
Unarmed Combat | 1 2 3 4 5 6 |  6.9
Spellcasting   | 1 2 3 4 5 6 |  6.9
Evocations     | 1 2 3 4 5 6 |  6.9
Conjurations   | 1 2 3 4 5 |  5.7
Hexes          | 1 2 3 4 5 |  5.7
Summonings     | 1 2 3 4 5 |  5.7
Necromancy     | 1 2 3 4 5 |  5.7
Translocations | 1 2 3 4 5 |  5.7
Transmutations | 1 2 3 4 5 |  5.7
Fire Magic     | 1 2 3 4 5 |  5.7
Ice Magic      | 1 2 3 4 5 |  5.7
Air Magic      | 1 2 3 4 5 |  5.7
Earth Magic    | 1 2 3 4 5 |  5.7
Poison Magic   | 1 2 3 4 5 |  5.7
Dodging        | 3 4 5 6 7 |  7.4
Invocations    | 5 6 7 8 9 |  9.0
Axes           | 5 6 7 8 |  8.4
Armour         | 5 6 7 8 |  8.4
Fighting       | 7 8 9 |  9.6

Action                   |  1- 3 |  4- 6 |  7- 9 | 10-12 || total
-------------------------+-------+-------+-------+-------++-------
Melee: Hand axe          |    92 |   198 |    40 |       ||   330
       Bite              |     6 |    31 |    31 |    71 ||   139
       Punch             |     1 |     5 |     4 |     2 ||    12
       War axe           |       |       |   293 |   234 ||   527
       Long sword        |       |       |       |   163 ||   163
Throw: Dart              |       |     6 |    19 |    63 ||    88
Invok: Depart the Abyss  |     1 |       |       |       ||     1
       Bend Space        |       |       |       |     4 ||     4
       Banish            |       |       |       |     1 ||     1
Evoke: Wand              |       |       |       |     2 ||     2
  Use: Potion            |     1 |     1 |     2 |     5 ||     9
       Scroll            |     3 |     6 |    10 |     5 ||    24
 Stab: Sleeping          |     3 |     2 |       |       ||     5
Armor: Leather armour    |    37 |    38 |       |       ||    75
       Chain mail        |       |    27 |   246 |       ||   273
       Plate armour      |       |       |    66 |   275 ||   341
Dodge: Dodged            |    55 |   133 |   177 |   175 ||   540
Block: Buckler           |       |       |       |   105 ||   105
       Rpst.: Long sword |       |       |       |    15 ||    15

Table legend: (Time is in decaauts)
 A = Elapsed time spent in this place.
 B = Non-inter-level travel time spent in this place.
 C = Inter-level travel time spent in this place.
 D = Time resting spent in this place.
 E = Time spent auto-exploring this place.
 F = Levels seen in this place.
 G = Mean time per level.
                   A        B        C        D        E       F      G
               +--------+--------+--------+--------+--------+-----+--------+
         Total |  14809 |  14404 |    405 |   2139 |   9251 |  13 | 1139.2 |
       Dungeon |  14399 |  13994 |    405 |   2139 |   9003 |  11 | 1309.0 |
         Abyss |    115 |    115 |      0 |      0 |     98 |   1 |  115.0 |
         Sewer |    294 |    294 |      0 |      0 |    150 |   1 |  294.0 |
               +--------+--------+--------+--------+--------+-----+--------+

Top non-repeatable levels by time:
     D:3: 1761 daAuts
     D:5: 1523 daAuts
     D:2: 1498 daAuts
    D:10: 1470 daAuts
     D:9: 1387 daAuts
     D:8: 1321 daAuts
     D:7: 1284 daAuts
    D:11: 1155 daAuts
     D:1: 1069 daAuts
     D:4: 1065 daAuts
     D:6: 860 daAuts
   Sewer: 294 daAuts
 Abyss:1: 115 daAuts
